 Dungeon Crawl Stone Soup version 0.29-a0-559-g359e09b9d1 (webtiles) character file.

Game seed: 17904608943854935243

8378 Gargoyl the Protected (level 11, 0/69 HPs)
             Began as a Gargoyle Berserker on June 10, 2022.
             Was an Elder of Trog.
             Slain by a five-headed hydra (5 damage)
             ... on level 13 of the Dungeon.
             The game lasted 00:13:28 (8728 turns).

Gargoyl the Protected (Gargoyle Berserker)          Turns: 8728, Time: 00:13:28

Health: 0/69       AC: 21    Str: 20 (21) XL:     11   Next: 29%
Magic:  20/29      EV:  9    Int:  8      God:    Trog [****..]
Gold:   464        SH:  0    Dex: 12 (13) Spells: 10/10 levels left

rFire   . . .      SeeInvis .   v - +11 dagger of Popular Demand {vorpal, MP+9}
rCold   . . .      Faith    .   (no shield)
rNeg    + . .      Spirit   .   q - +0 chain mail
rPois   ∞          Reflect  .   (no helmet)
rElec   +          Harm     .   w - scarf {repulsion}
rCorr   +          Rampage  .   (no gloves)
Will    ++...                   (no boots)
Stlth   ..........              r - amulet of regeneration
HPRegen 2.01/turn               b - ring of magical power
MPRegen 0.21/turn               k - ring of resist corrosion

@: strong-willed, regenerating, repel missiles
A: sickness immunity, AC +8, negative energy resistance 1, electricity
resistance, torment resistance 1, petrification resistance, iridescent scales 1,
deterioration 1, MP-powered wands
a: Renounce Religion, Berserk, Trog's Hand, Brothers in Arms


You were on level 13 of the Dungeon.
You worshipped Trog.
Trog was greatly pleased with you.
You visited 1 branch of the dungeon, and saw 11 of its levels.

You collected 464 gold pieces.

Inventory:

Hand Weapons
 l - a +2 whip of draining
 v - the +11 dagger of Popular Demand (weapon) {vorpal, MP+9}
   (You found it on level 6 of the Dungeon)

   It inflicts extra damage upon your enemies.
   MP:        It affects your magic capacity (+9).
 x - a +3 war axe of freezing
 z - a +3 hand axe
Armour
 q - a +0 chain mail (worn)
 w - a scarf of repulsion (worn)
Jewellery
 b - a ring of magical power (left hand)
 i - a ring of flight
 k - a ring of resist corrosion (right hand)
 r - an amulet of regeneration (around neck)
 y - an amulet of the acrobat
Wands
 m - a wand of iceblast (7)
 p - a wand of polymorph (5)
 t - a wand of paralysis (6)
Scrolls
 a - 2 scrolls of identify
 d - 2 scrolls of immolation
 f - a scroll of fog
 g - 3 scrolls of fear
 h - 2 scrolls of poison
 s - 3 scrolls of blinking
Potions
 c - a potion of cancellation
 e - 2 potions of lignification
 j - 5 potions of curing
 n - 3 potions of flight
 o - a potion of resistance
 u - a potion of invisibility {unknown}
 B - a potion of haste {unknown}


   Skills:
 + Level 8.3 Fighting
 + Level 7.0 Short Blades
 + Level 4.6(6.1) Axes
 + Level 6.7(7.5) Maces & Flails
 + Level 10.6 Armour
 + Level 4.3 Dodging
 + Level 2.6 Stealth
 + Level 1.5 Evocations


You had 10 spell levels left.
You didn't know any spells.
Your spell library was empty.

Dungeon Overview and Level Annotations

Branches:
Dungeon (10/15)            Temple (0/1) D:7            Lair (0/6) D:10
 Vaults (0/5) D:13
    Orc: D:9-12

Altars:
Ashenzari
Dithmenos
Fedhas
Qazlal
Ru
Sif Muna
Uskayaw
Wu Jian
The Shining One

Annotations:
D:4 2 transporters, paps's ghost, novice OpSu


Innate Abilities, Weirdness & Mutations

You are immune to sickness and miasma.
Your stone body is resilient. (AC +8)
You are immune to poison.
You resist negative energy. (rN+)
You are resistant to electric shocks. (rElec)
You are resistant to unholy torment.
You are immune to petrification.
You are partially covered in iridescent scales. (AC +2)
Your body sometimes deteriorates upon taking damage.
You expend magic power (3 MP) to strengthen your wands.


Message History

Your +3 war axe of freezing stops glowing.
v - the +11 dagger of Popular Demand (weapon)
{vorpal, MP+9} The five-headed hydra bites you but does no damage.
The five-headed hydra bites you.
The five-headed hydra bites you but does no damage.
The five-headed hydra bites you.
The five-headed hydra bites you but does no damage.
The cyclops hits your ogre!!
Unknown command.
You hit the five-headed hydra but do no damage.
The five-headed hydra is heavily wounded.
Your ogre hits the cyclops with a +0 giant club!!!
The cyclops dies!
Trog accepts your kill.
You feel your dexterity returning.
Unknown command.
You hit the five-headed hydra.
The five-headed hydra is severely wounded.
The five-headed hydra bites you but does no damage.
The five-headed hydra bites you.
The five-headed hydra bites you but does no damage.
The five-headed hydra barely misses you.
The five-headed hydra bites you. The spriggan hits your ogre!
Your ogre dies!
Your ogre's corpse disappears in a puff of smoke!
You hit the five-headed hydra.
The five-headed hydra is severely wounded.
The five-headed hydra bites you.
The five-headed hydra barely misses you.
The five-headed hydra bites you.
* * * LOW HITPOINT WARNING * * *
The five-headed hydra barely misses you.
The five-headed hydra bites you.
* * * LOW HITPOINT WARNING * * *
Your skin crawls.
You feel strong-willed. The five-headed hydra bites you!
* * * LOW HITPOINT WARNING * * *
The five-headed hydra bites you.
You die...

.## ..# ##
##..# ...
##...# #...#
##....#
.....u#.....#
..∩CWpp§....#
....pi#D@)..#
#..H# ##....#
... ##...# #
##..# #..#
...# ..##
...# ####


You could see a five-headed hydra, 2 vault guards, a red ugly thing, a cyclops
and a wraith.

Vanquished Creatures
  A queen bee (D:9)
  A troll (D:10)
  A vampire (D:9)
  A wyvern (D:8)
  A wraith (D:9)
  A yak (D:7)
  A human (D:7)
  3 vampire mosquitoes (D:10)
  3 hogs (D:7)
  A steam dragon (D:8)
  A warg (D:5)
  Duvessa (D:7)
  4 water moccasins (D:10)
  An acid dragon (D:9)
  2 orc warriors
  A sky beast (D:7)
  A tengu (D:5)
  4 black bears
  4 ogres
  7 centaurs
  2 phantoms
  5 kobold brigands (D:9)
  2 scorpions (D:5)
  6 bullfrogs
  2 necrophages
  Dowan (D:7)
  7 wights
  24 killer bees (D:9)
  5 howler monkeys
  3 orc priests
  2 hounds (D:5)
  A jelly (D:4)
  2 gnoll shamans
  Crazy Yiuf (D:5)
  2 iguanas
  9 orc wizards
  An adder (D:5)
  11 gnolls
  2 shadow imps
  3 ufetubi
  2 worms
  2 dart slugs
  26 orcs
  6 endoplasms
  3 giant cockroaches
  5 goblins
  13 hobgoblins
  31 kobolds
  6 quokkas
  4 ball pythons
  7 bats
  A frilled lizard (D:7)
  3 rats (D:1)
240 creatures vanquished.

Vanquished Creatures (collateral kills)
  A cyclops (D:13)
1 creature vanquished.

Vanquished Creatures (others)
  11 fungi (D:10)
  17 plants (D:10)
28 creatures vanquished.

Grand Total: 269 creatures vanquished

Notes
Turn   | Place    | Note
-------+----------+-------------------------------------------
     0 | D:1      | Gargoyl the Gargoyle Berserker began the quest for the Orb.
     0 | D:1      | Reached XP level 1. HP: 14/14 MP: 1/1
   435 | D:1      | Reached XP level 2. HP: 18/19 MP: 2/2
   720 | D:1      | Reached XP level 3. HP: 21/23 MP: 3/3
  1475 | D:2      | Reached ** piety under Trog
  1943 | D:2      | Found a faded altar of an unknown god.
  2268 | D:3      | Found a blossoming altar of Fedhas.
  2284 | D:3      | Reached XP level 4. HP: 29/29 MP: 4/4
  3044 | D:4      | Noticed a phantom
  3071 | D:4      | Killed a phantom
  3072 | D:4      | Reached skill level 1 in Maces & Flails
  3072 | D:4      | Reached skill level 3 in Armour
  3072 | D:4      | Reached XP level 5. HP: 33/33 MP: 5/5
  3149 | D:4      | Reached XP level 6. HP: 38/38 MP: 6/6
  3195 | D:4      | Found a transporter.
  3206 | D:4      | Found a transporter.
  3210 | D:4      | Noticed paps's ghost (novice OpSu)
  3415 | D:4      | Reached skill level 1 in Stealth
  3571 | D:5      | Entered Level 5 of the Dungeon
  3612 | D:5      | Reached skill level 4 in Armour
  3631 | D:5      | Noticed an acid dragon
  3631 | D:5      | an ogre changed into an acid dragon
  3638 | D:5      | an acid dragon changed into a tengu
  3661 | D:5      | Reached XP level 7. HP: 44/44 MP: 7/7
  3731 | D:5      | Noticed a warg
  3731 | D:5      | an ogre changed into a warg
  3735 | D:5      | Killed a warg
  3953 | D:5      | Found a runed translucent door.
  3954 | D:5      | Noticed Crazy Yiuf
  4032 | D:5      | Found a shadowy altar of Dithmenos.
  4162 | D:5      | Reached skill level 5 in Armour
  4269 | D:5      | Killed Crazy Yiuf
  4399 | D:6      | Reached skill level 5 in Fighting
  4399 | D:6      | Reached XP level 8. HP: 38/49 MP: 8/8
  4481 | D:6      | Reached skill level 5 in Maces & Flails
  4810 | D:6      | Identified the +11 dagger of Popular Demand {vorpal, MP+9}
  4994 | D:6      | Reached skill level 6 in Armour
  5263 | D:6      | Found a shimmering blue altar of Sif Muna.
  5400 | D:7      | Reached skill level 1 in Short Blades
  5436 | D:7      | Noticed a seven-headed hydra
  5689 | D:6      | You fall into a shaft and drop 2 floors!
  5718 | D:8      | Noticed a wyvern
  5725 | D:8      | Killed a wyvern
  5726 | D:8      | Reached XP level 9. HP: 37/55 MP: 9/9
  5766 | D:7      | Found a staircase to the Ecumenical Temple.
  5811 | D:7      | Found a glowing golden altar of the Shining One.
  5816 | D:7      | Found a broken altar of Ashenzari.
  5903 | D:7      | Reached *** piety under Trog
  5904 | D:7      | Noticed Duvessa
  5915 | D:7      | Noticed Dowan
  5921 | D:7      | Killed Duvessa
  5922 | D:7      | Reached skill level 7 in Armour
  5927 | D:7      | Killed Dowan
  6141 | D:7      | Found a large runed translucent door.
  6230 | D:7      | Found a large runed translucent door.
  6259 | D:7      | Noticed Maggie
  6276 | D:7      | Noticed Maggie
  6276 | D:7      | Maggie changed into Maggie the ogre
  6281 | D:7      | Killed Maggie the ogre
  6330 | D:7      | Identified the +2 leather armour "Bibovul" {Rampage Drain
                  | rN++ Stlth+}
  6445 | D:7      | Reached skill level 8 in Armour
  6451 | D:7      | Reached skill level 5 in Short Blades
  6461 | D:7      | Reached XP level 10. HP: 57/61 MP: 10/10
  6820 | D:7      | Found a stormy altar of Qazlal.
  6836 | D:7      | Found an ornate altar of the Wu Jian Council.
  6920 | D:8      | Found a sacrificial altar of Ru.
  7136 | D:8      | Reached skill level 1 in Evocations
  7335 | D:9      | Gained mutation: You are partially covered in iridescent
                  | scales. (AC +2) [potion of mutation]
  7335 | D:9      | Gained mutation: Your body sometimes deteriorates upon
                  | taking damage. [potion of mutation]
  7335 | D:9      | Gained mutation: You expend magic power (3 MP) to
                  | strengthen your wands. [potion of mutation]
  7494 | D:9      | Reached **** piety under Trog
  7504 | D:9      | Reached skill level 9 in Armour
  7671 | D:9      | Found a hide-covered altar of Uskayaw.
  8291 | D:9      | Reached XP level 11. HP: 60/68 MP: 11/11
  8376 | D:10     | Entered Level 10 of the Dungeon
  8392 | D:10     | Reached skill level 10 in Armour
  8416 | D:10     | Found a staircase to the Lair.
  8715 | D:10     | You fall into a shaft and drop 3 floors!
  8719 | D:13     | Found a gate to the Vaults.
  8719 | D:13     | Noticed a cyclops
  8719 | D:13     | Noticed a red ugly thing
  8719 | D:13     | Noticed a vault guard
  8719 | D:13     | Noticed a five-headed hydra
  8719 | D:13     | Noticed a vault guard
  8719 | D:13     | Noticed a vault guard
  8719 | D:13     | Noticed a vault guard
  8719 | D:13     | Noticed a cyclops
  8719 | D:13     | Noticed a manticore
  8719 | D:13     | Noticed a deep elf pyromancer
  8725 | D:13     | Killed a cyclops
  8728 | D:13     | Slain by a five-headed hydra

Illustrated notes

Levels and vault maps discovered:
D:1:      sevenhm_arrival_forest_fort_small_3, layout_basic
D:2:      layout_loops_corners, hellmonk_ecumenical_altar_lost_god
D:3:      layout_basic, fedhas_altar_3, chequers_serial_rivers_micro_b,
          corexii_shack
D:4:      layout_rooms, gammafunk_ghost_stat_death
D:5:      layout_rooms, marbit_many_paths, hangedman_abyss_or_decor_stabs,
          uniq_crazy_yiuf_cottage
D:6:      layout_gridville, kennysheep_orc_sif_temple
D:7:      layout_basic, mainiacjoe_overflow_catwalk_spiral,
          jmf_multi_god_temple2, minmay_temple_entry_mist, grunt_livestock,
          fountainhead, uniq_maggie, uniq_duvessa
D:8:      layout_rooms, overflow_temple_1_default, minmay_door_square
D:9:      layout_long_grid, mainiacjoe_overflow_alcove_2, special_room
          [special_room_bee], eino_small_chamber_without_monster
D:10:     layout_big_octagon, mainiacjoe_overflow_boulevard,
          due_lair_maze_entry_diamond, nicolae_straight_to_the_point
D:13:     layout_roguey, lightli_vaults_fourway_checkpoint, kennysheep_boxes,
          uniq_josephine, uniq_maurice, uniq_snorg

Skill      XL: |  1  2  3  4  5  6  7  8  9 10 11 |
---------------+----------------------------------+-----
Axes           | 3 4 |  4.6
Dodging        | 2 3 4 |  4.3
Fighting       | 4 5 6 8 |  8.3
Maces & Flails | 1 2 3 4 6 |  6.7
Armour         | 3 4 5 6 8 9 10 | 10.6
Stealth        | 1 2 |  2.6
Short Blades   | 2 5 7 |  7.0
Evocations     | 1 |  1.5

Action                   |  1- 3 |  4- 6 |  7- 9 | 10-12 || total
-------------------------+-------+-------+-------+-------++-------
Melee: Hand axe          |    64 |       |       |       ||    64
       Punch             |     1 |       |     3 |     2 ||     6
       Whip              |    45 |   188 |   146 |       ||   379
       Dagger            |       |       |   191 |   321 ||   512
       War axe           |       |       |       |    60 ||    60
Invok: Trog's Hand       |       |     2 |     9 |     4 ||    15
       Berserk           |       |     1 |     5 |     1 ||     7
       Brothers in Arms  |       |       |       |     1 ||     1
Evoke: Wand              |       |     2 |     5 |       ||     7
  Use: Scroll            |     9 |     1 |     3 |     6 ||    19
       Potion            |       |     2 |     2 |     1 ||     5
Armor: Animal skin       |    38 |       |       |       ||    38
       Ring mail         |    14 |    57 |       |       ||    71
       Skin              |       |    48 |    13 |       ||    61
       Chain mail        |       |    29 |   213 |   442 ||   684
Dodge: Dodged            |    81 |   102 |   169 |   316 ||   668
       Repelled          |       |       |     1 |     2 ||     3

Table legend: (Time is in decaauts)
 A = Elapsed time spent in this place.
 B = Non-inter-level travel time spent in this place.
 C = Inter-level travel time spent in this place.
 D = Time resting spent in this place.
 E = Time spent auto-exploring this place.
 F = Levels seen in this place.
 G = Mean time per level.
                   A        B        C        D        E       F      G
               +--------+--------+--------+--------+--------+-----+--------+
         Total |   8660 |   8411 |    249 |    175 |   5975 |  11 |  787.3 |
       Dungeon |   8660 |   8411 |    249 |    175 |   5975 |  11 |  787.3 |
               +--------+--------+--------+--------+--------+-----+--------+

Top non-repeatable levels by time:
     D:1: 1215 daAuts
     D:6: 1144 daAuts
     D:7: 1142 daAuts
     D:2: 1009 daAuts
     D:9: 985 daAuts
     D:5: 899 daAuts
     D:3: 819 daAuts
     D:8: 548 daAuts
     D:4: 540 daAuts
    D:10: 345 daAuts
    D:13: 11 daAuts
